AoeStats
← Infadel

Arabia

509499551Analyzed
1v1 RM · 6d ago on Sep 27, 2026· 45m 58s· 2 players
Game mode
Random Map
Map size
Tiny (2 player)
Population
200
Speed
Normal
Resources
Standard
Victory
Conquest
Starting age
Dark Age
Ending age
Imperial Age
RankedLock teamsTeams togetherTeam positionsShared explorationLock speedFull tech treeHidden civsTurbo modeCheats
Victory
Defeat
🇺🇸 Huns · United States
1113
+14
🇮🇳 Mongols · India
1069
-14
highflyingaction
6:26 Loom
9:28 Feudal Age
13:32 Scale Barding Armor
17:36 Horse Collar
23:53 Castle Age
21:59 Fletching
22:53 Padded Archer Armor
23:07 Bloodlines
24:53 Bodkin Arrow
25:15 Leather Archer Armor
25:06 Husbandry
24:58 Double-Bit Axe
27:28 Light Cavalry
30:01 Forging
30:18 Ballistics
32:10 Chain Barding Armor
39:08 Imperial Age
38:35 Wheelbarrow
39:10 Heavy Plow
40:57 Conscription
40:32 Cavalier
Infadel
7:17 Loom
9:17 Feudal Age
10:08 Double-Bit Axe
10:38 Horse Collar
15:51 Horse Collar
17:53 Forging
23:53 Castle Age
21:56 Gold Mining
24:20 Stone Mining
25:53 Bloodlines
25:48 Town Watch
27:55 Scale Barding Armor
27:41 Fletching
30:06 Bow Saw
30:16 Padded Archer Armor
31:26 Wheelbarrow
31:54 Elite Skirmisher
34:28 Hand Cart
37:17 Heavy Plow
37:58 Gold Shaft Mining
39:15 Stone Shaft Mining
40:04 Iron Casting
39:24 Bodkin Arrow
43:42 Chain Barding Armor
43:17 Bodkin Arrow
45:59 Imperial Age
43:53 Ballistics
Connection lost

Rejoining the realm…

Still unreachable

The connection could not be restored.

Session expired

The server has moved on; the page needs a fresh start.